[Event "22nd ETCC Women 2019"]
[Site "Batumi"]
[Date "2019.10.28"]
[Round "5.25"]
[White "Stojkovska, Monika"]
[Black "Goossens, Hanne"]
[Result "0-1"]
[ECO "B47"]
[WhiteElo "2108"]
[BlackElo "2156"]
[Annotator "NA"]
[PlyCount "70"]
[EventDate "2019.10.24"]
[EventType "team-tourn"]
[EventCountry "GEO"]
[SourceTitle "playchess.com"]
[Source "ChessBase"]
[SourceQuality "1"]
[WhiteTeam "Macedonia"]
[BlackTeam "Belgium"]
[WhiteTeamCountry "MKD"]
[BlackTeamCountry "BEL"]
[TimeControl "40/5400+30:1800+30"]

1. e4 c5 2. Nf3 e6 3. Nc3 Nc6 4. d4 cxd4 5. Nxd4 Qc7 6. f4 Nxd4 7. Qxd4 b6 8. Bd3 Bb7 9. Qf2 Nf6 10. Qg3 h5 11. Bd2 h4 12. Qf3 a6 13. O-O-O b5 14. Rde1 b4 15. Nd1 Rc8 16. Qe2 Be7 17. Kb1 a5 18. g4 d5 19. Nf2 dxe4 20. Nxe4 Nxe4 21. Bxe4 Bxe4 22. Qxe4 O-O 23. Rc1 Rfd8 24. Be3 a4 25. g5 a3 26. Rcd1 axb2 27. g6 Bf6 28. gxf7+ Kxf7 29. Rxd8 Rxd8 30. f5 exf5 31. Qxf5 Qd6 32. Qf3 b3 33. Qb7+ Kf8 34. Bc5 bxc2+ 35. Kxc2 Qxc5+ 0-1

[Event "22nd ETCC Women 2019"]
[Site "Batumi"]
[Date "2019.10.28"]
[Round "5.26"]
[White "Hrescak, Ivana"]
[Black "Cosma, Elena-Luminita"]
[Result "1/2-1/2"]
[ECO "D35"]
[WhiteElo "2226"]
[BlackElo "2313"]
[Annotator "NA"]
[PlyCount "85"]
[EventDate "2019.10.24"]
[EventType "team-tourn"]
[EventCountry "GEO"]
[SourceTitle "playchess.com"]
[Source "ChessBase"]
[SourceQuality "1"]
[WhiteTeam "Slovenia"]
[BlackTeam "Romania"]
[WhiteTeamCountry "SLO"]
[BlackTeamCountry "ROU"]
[TimeControl "40/5400+30:1800+30"]

1. d4 d5 2. c4 e6 3. Nc3 Nf6 4. cxd5 exd5 5. Bg5 c6 6. e3 Be7 7. Bd3 Nbd7 8. Qc2 Nh5 9. Bxe7 Qxe7 10. Nge2 g6 11. O-O-O Nb6 12. Ng3 Nf6 13. Kb1 Be6 14. Rc1 O-O-O 15. Na4 Nfd7 16. Nc5 Nxc5 17. dxc5 Nc4 18. Ka1 Kb8 19. Qc3 Qc7 20. Bxc4 dxc4 21. Ne4 Bd5 22. Nd6 Bxg2 23. Rhg1 Bd5 24. e4 Be6 25. f4 Rhf8 26. f5 gxf5 27. exf5 Bd5 28. Rg7 b6 29. Rxh7 bxc5 30. Nxc4 Bxc4 31. Qxc4 Rd5 32. Qg4 Qe5 33. Rxf7 Rxf7 34. Qg8+ Kb7 35. Qxf7+ Kb6 36. Qe6 Qxh2 37. f6 Qf4 38. Rb1 Rf5 39. Qb3+ Ka6 40. Qa3+ Kb6 41. Qb3+ Ka6 42. Qa3+ Kb6 43. Qb3+ 1/2-1/2

[Event "22nd ETCC Women 2019"]
[Site "Batumi"]
[Date "2019.10.28"]
[Round "5.26"]
[White "Vanduyfhuys, Daria"]
[Black "Bejatovic, Bojana"]
[Result "0-1"]
[ECO "E98"]
[WhiteElo "1983"]
[BlackElo "2004"]
[Annotator "NA"]
[PlyCount "72"]
[EventDate "2019.10.24"]
[EventType "team-tourn"]
[EventCountry "GEO"]
[SourceTitle "playchess.com"]
[Source "ChessBase"]
[SourceQuality "1"]
[WhiteTeam "Belgium"]
[BlackTeam "Macedonia"]
[WhiteTeamCountry "BEL"]
[BlackTeamCountry "MKD"]
[TimeControl "40/5400+30:1800+30"]

1. d4 Nf6 2. c4 g6 3. Nc3 Bg7 4. e4 d6 5. Nf3 O-O 6. Be2 e5 7. O-O Nc6 8. d5 Ne7 9. Ne1 Nd7 10. Nd3 f5 11. f3 f4 12. Bd2 g5 13. b4 Nf6 14. c5 Ng6 15. Rc1 Rf7 16. a4 h5 17. Nf2 Bf8 18. cxd6 cxd6 19. Kh1 Rg7 20. h3 Nh8 21. Nb5 a6 22. Nc3 Nf7 23. a5 g4 24. Rg1 g3 25. Nd3 Ng4 26. fxg4 hxg4 27. Na4 Qh4 28. Rxc8 gxh3 29. Rxf8+ Rxf8 30. Bf3 Ng5 31. Bg4 hxg2+ 32. Kxg2 f3+ 33. Kf1 g2+ 34. Rxg2 fxg2+ 35. Kxg2 Nxe4 36. Be1 Rxg4+ 0-1

[Event "22nd ETCC Women 2019"]
[Site "Batumi"]
[Date "2019.10.28"]
[Round "5.27"]
[White "Sandu, Mihaela"]
[Black "Rozman, Monika"]
[Result "1/2-1/2"]
[ECO "C54"]
[WhiteElo "2260"]
[BlackElo "2122"]
[Annotator "NA"]
[PlyCount "79"]
[EventDate "2019.10.24"]
[EventType "team-tourn"]
[EventCountry "GEO"]
[SourceTitle "playchess.com"]
[Source "ChessBase"]
[SourceQuality "1"]
[WhiteTeam "Romania"]
[BlackTeam "Slovenia"]
[WhiteTeamCountry "ROU"]
[BlackTeamCountry "SLO"]
[TimeControl "40/5400+30:1800+30"]

1. e4 e5 2. Nf3 Nc6 3. Bc4 Bc5 4. c3 Nf6 5. d3 O-O 6. O-O d6 7. Bb3 a6 8. Nbd2 h6 9. h3 Be6 10. Re1 Re8 11. Nf1 Bxb3 12. Qxb3 Qd7 13. Be3 Ba7 14. Bxa7 Rxa7 15. Ng3 Ne7 16. d4 Ng6 17. Rad1 Qc6 18. Qc2 Raa8 19. Rd2 Rad8 20. Nf5 Qb6 21. dxe5 dxe5 22. Red1 Rxd2 23. Rxd2 Qc6 24. Ng3 Re7 25. Rd8+ Kh7 26. Nd2 Rd7 27. Rxd7 Nxd7 28. b4 Kg8 29. a4 Nb6 30. a5 Nc4 31. Qd3 Nxd2 32. Qxd2 Nf4 33. Qd8+ Kh7 34. Qf8 Qxc3 35. Nf5 Ne6 36. Qxf7 Qc1+ 37. Kh2 Qf4+ 38. Kg1 Qc1+ 39. Kh2 Qf4+ 40. Kg1 1/2-1/2

[Event "22nd ETCC Women 2019"]
[Site "Batumi"]
[Date "2019.10.28"]
[Round "5.27"]
[White "Manova, Ivana"]
[Black "Mabille, Natacha"]
[Result "0-1"]
[ECO "C54"]
[WhiteElo "1795"]
[BlackElo "1939"]
[Annotator "NA"]
[PlyCount "60"]
[EventDate "2019.10.24"]
[EventType "team-tourn"]
[EventCountry "GEO"]
[SourceTitle "playchess.com"]
[Source "ChessBase"]
[SourceQuality "1"]
[WhiteTeam "Macedonia"]
[BlackTeam "Belgium"]
[WhiteTeamCountry "MKD"]
[BlackTeamCountry "BEL"]
[TimeControl "40/5400+30:1800+30"]

1. e4 e5 2. Nf3 Nc6 3. d4 exd4 4. Bc4 Bc5 5. c3 Nf6 6. e5 d5 7. Bb5 Ne4 8. cxd4 Bb6 9. O-O O-O 10. h3 f6 11. Nc3 fxe5 12. Bxc6 bxc6 13. Nxe4 dxe4 14. Nxe5 Ba6 15. Qb3+ Kh8 16. Rd1 Qf6 17. Be3 Rad8 18. Rac1 Rd6 19. Qc2 Bd3 20. Qc3 h6 21. Nxd3 exd3 22. Rxd3 Rfd8 23. Rcd1 Qf5 24. R3d2 Rg6 25. Qd3 Qe6 26. b4 Rd6 27. Kh2 Rd5 28. a3 Rh5 29. Bf4 Bxd4 30. Qxd4 Rxg2+ 0-1

[Event "22nd ETCC Women 2019"]
[Site "Batumi"]
[Date "2019.10.28"]
[Round "5.28"]
[White "Vidic, Teja"]
[Black "Lehaci, Miruna-Daria"]
[Result "1-0"]
[ECO "A09"]
[WhiteElo "2174"]
[BlackElo "2131"]
[Annotator "NA"]
[PlyCount "141"]
[EventDate "2019.10.24"]
[EventType "team-tourn"]
[EventCountry "GEO"]
[SourceTitle "playchess.com"]
[Source "ChessBase"]
[SourceQuality "1"]
[WhiteTeam "Slovenia"]
[BlackTeam "Romania"]
[WhiteTeamCountry "SLO"]
[BlackTeamCountry "ROU"]
[TimeControl "40/5400+30:1800+30"]

1. Nf3 d5 2. c4 d4 3. g3 Nc6 4. Bg2 e5 5. O-O e4 6. Ne1 h5 7. Bxe4 h4 8. d3 Bh3 9. Ng2 Nf6 10. Bg5 Qd7 11. Bxf6 gxf6 12. Qa4 Bd6 13. Nd2 O-O-O 14. c5 Be7 15. b4 f5 16. Bf3 hxg3 17. hxg3 Kb8 18. Nc4 Bf6 19. b5 Ne5 20. Bxb7 Nxc4 21. Qxc4 Qe6 22. Qxe6 fxe6 23. Bc6 Rh6 24. Rab1 Rdh8 25. b6 axb6 26. cxb6 cxb6 27. Rxb6+ Kc7 28. Rfb1 Be5 29. Bf3 Bg4 30. Rb7+ Kc8 31. Ne1 Bxf3 32. Nxf3 Rh1+ 33. Kg2 Rxb1 34. Rxb1 Bf6 35. Rb4 Rd8 36. Nd2 Kc7 37. Kf3 Kc6 38. Rc4+ Kd5 39. Ra4 Rb8 40. Ra5+ Kc6 41. Nc4 Rb1 42. Ra6+ Kd7 43. a4 Ra1 44. a5 Bd8 45. Rd6+ Ke7 46. Rxd4 Bxa5 47. Nxa5 Rxa5 48. g4 fxg4+ 49. Rxg4 Kf6 50. Rf4+ Ke7 51. Ke4 Kd6 52. d4 Ra4 53. e3 Ra5 54. Rg4 Ke7 55. f4 Kf6 56. Rg5 Ra4 57. Re5 Rb4 58. f5 exf5+ 59. Rxf5+ Ke6 60. Rh5 Rb3 61. Rh6+ Kd7 62. d5 Ra3 63. Kd4 Ra1 64. e4 Re1 65. Ke5 Re2 66. Rh7+ Ke8 67. d6 Rg2 68. Kd5 Rg1 69. e5 Rg6 70. Rh8+ Kd7 71. e6+ 1-0

[Event "22nd ETCC Women 2019"]
[Site "Batumi"]
[Date "2019.10.28"]
[Round "5.28"]
[White "Cuvelier, Annelies"]
[Black "Koskoska, Gabriela"]
[Result "1/2-1/2"]
[ECO "B43"]
[WhiteElo "1844"]
[BlackElo "2036"]
[Annotator "NA"]
[PlyCount "62"]
[EventDate "2019.10.24"]
[EventType "team-tourn"]
[EventCountry "GEO"]
[SourceTitle "playchess.com"]
[Source "ChessBase"]
[SourceQuality "1"]
[WhiteTeam "Belgium"]
[BlackTeam "Macedonia"]
[WhiteTeamCountry "BEL"]
[BlackTeamCountry "MKD"]
[TimeControl "40/5400+30:1800+30"]

1. e4 c5 2. Nc3 e6 3. Nf3 a6 4. d4 cxd4 5. Nxd4 Qc7 6. Bd3 Bc5 7. Nb3 Be7 8. O-O Nf6 9. Be3 b5 10. a3 Bb7 11. f4 d6 12. Qe2 Nbd7 13. Rad1 O-O 14. g4 d5 15. e5 Ne4 16. Bd4 Nxc3 17. bxc3 Nc5 18. Nxc5 Bxc5 19. Ra1 Qe7 20. a4 b4 21. Qe3 Bxd4 22. cxd4 f5 23. g5 a5 24. c3 bxc3 25. Bb5 Rfc8 26. Rfc1 h6 27. h4 hxg5 28. hxg5 Kf7 29. Rxc3 Rxc3 30. Qxc3 Qd8 31. Rc1 Rc8 1/2-1/2

[Event "22nd ETCC Women 2019"]
[Site "Batumi"]
[Date "2019.10.28"]
[Round "5.29"]
[White "Peng, Zhaoqin"]
[Black "Atalik, Ekaterina"]
[Result "0-1"]
[ECO "D37"]
[WhiteElo "2364"]
[BlackElo "2464"]
[Annotator "ChessBase"]
[PlyCount "68"]
[EventDate "2019.10.24"]
[EventType "team-tourn"]
[EventCountry "GEO"]
[SourceTitle "playchess.com"]
[Source "ChessBase"]
[SourceQuality "1"]
[WhiteTeam "Netherlands"]
[BlackTeam "Turkey"]
[WhiteTeamCountry "NED"]
[BlackTeamCountry "TUR"]
[TimeControl "40/5400+30:1800+30"]

1. d4 d5 2. c4 e6 3. Nc3 Nf6 4. Nf3 a6 5. e3 b6 6. Bd3 Bb7 7. O-O Bd6 8. b3 O-O 9. Bb2 Nbd7 10. Rc1 Qe7 11. Qc2 dxc4 12. Bxc4 b5 13. Be2 Rac8 14. e4 b4 15. e5 bxc3 16. Bxc3 Nd5 17. exd6 cxd6 18. Qd2 N7f6 19. Ba5 Ne4 20. Qb2 Nf4 21. Rxc8 Rxc8 22. Bd1 Ng5 23. Qd2 Nfh3+ 24. Kh1 Nxf3 25. Bxf3 Bxf3 26. gxf3 Qf6 27. Qe3 Qf5 28. Bd2 g5 29. a4 Rc2 30. Bb4 Qd5 31. Kg2 Nf4+ 32. Kh1 Re2 33. Qc3 Rb2 34. Bxd6 Rc2 0-1

[Event "22nd ETCC Women 2019"]
[Site "Batumi"]
[Date "2019.10.28"]
[Round "5.30"]
[White "Yildiz Kadioglu, Betul Cemre"]
[Black "Paulet, Iozefina"]
[Result "1-0"]
[ECO "A62"]
[WhiteElo "2338"]
[BlackElo "2288"]
[Annotator "NA"]
[PlyCount "93"]
[EventDate "2019.10.24"]
[EventType "team-tourn"]
[EventCountry "GEO"]
[SourceTitle "playchess.com"]
[Source "ChessBase"]
[SourceQuality "1"]
[WhiteTeam "Turkey"]
[BlackTeam "Netherlands"]
[WhiteTeamCountry "TUR"]
[BlackTeamCountry "NED"]
[TimeControl "40/5400+30:1800+30"]

1. d4 Nf6 2. c4 c5 3. d5 e6 4. Nc3 exd5 5. cxd5 d6 6. Nf3 g6 7. g3 Bg7 8. Bg2 O-O 9. O-O a6 10. a4 Re8 11. Bf4 Nbd7 12. Bxd6 Qb6 13. Bf4 Qxb2 14. Bd2 Ne4 15. Nxe4 Rxe4 16. Rc1 h6 17. Ne1 Rxa4 18. Qxa4 Qxd2 19. Rc2 Qg5 20. Nd3 b5 21. Qa5 c4 22. Nb4 Kh7 23. d6 Rb8 24. Qc7 Qc5 25. Nc6 Ra8 26. Ne7 Rb8 27. Bc6 Qb6 28. Bxd7 Bxd7 29. Qxd7 Rd8 30. Qc6 Qxc6 31. Nxc6 Rxd6 32. Na5 h5 33. Rb1 h4 34. Kf1 h3 35. e3 Rd3 36. Nc6 Ra3 37. Ke2 Ba1 38. Kf3 c3 39. Rb4 Bb2 40. Ne5 Ra1 41. Nd3 Rh1 42. Nxb2 cxb2 43. Rcxb2 Rxh2 44. Rb1 f5 45. Rd4 Kh6 46. e4 f4 47. gxf4 1-0

[Event "22nd ETCC Women 2019"]
[Site "Batumi"]
[Date "2019.10.28"]
[Round "5.31"]
[White "Lanchava, Tea"]
[Black "Ozturk, Kubra"]
[Result "1-0"]
[ECO "A06"]
[WhiteElo "2236"]
[BlackElo "2317"]
[Annotator "NA"]
[PlyCount "83"]
[EventDate "2019.10.24"]
[EventType "team-tourn"]
[EventCountry "GEO"]
[SourceTitle "playchess.com"]
[Source "ChessBase"]
[SourceQuality "1"]
[WhiteTeam "Netherlands"]
[BlackTeam "Turkey"]
[WhiteTeamCountry "NED"]
[BlackTeamCountry "TUR"]
[TimeControl "40/5400+30:1800+30"]

1. Nf3 d5 2. e3 c5 3. c4 Nf6 4. cxd5 Nxd5 5. Nc3 Nc6 6. Bc4 Nb6 7. Bb5 Bd7 8. O-O e6 9. b3 Qc7 10. Bb2 a6 11. Be2 Be7 12. Rc1 f5 13. Nb1 e5 14. d4 cxd4 15. exd4 e4 16. d5 exf3 17. dxc6 Bxc6 18. Bxf3 O-O 19. Qe2 Bg5 20. Rc5 Qe7 21. Re5 Qf7 22. Bxc6 bxc6 23. Rc5 Nd5 24. Rxc6 Rae8 25. Qc4 Re4 26. Qc5 Be7 27. Qa7 Re2 28. Bd4 f4 29. f3 Nb4 30. Rc7 Qg6 31. Bf2 Nd5 32. Nc3 Rxf2 33. Rxf2 Nxc7 34. Qxc7 Bd8 35. Qc4+ Kh8 36. Kf1 Bb6 37. Re2 Be3 38. Nd5 Qh6 39. h3 Rd8 40. Qe4 Qc6 41. Nxe3 Qxe4 42. fxe4 1-0

[Event "22nd ETCC Women 2019"]
[Site "Batumi"]
[Date "2019.10.28"]
[Round "5.32"]
[White "Caglar, Sila"]
[Black "Ratsma, Rosa"]
[Result "1-0"]
[ECO "C45"]
[WhiteElo "2242"]
[BlackElo "2283"]
[Annotator "NA"]
[PlyCount "124"]
[EventDate "2019.10.24"]
[EventType "team-tourn"]
[EventCountry "GEO"]
[SourceTitle "playchess.com"]
[Source "ChessBase"]
[SourceQuality "1"]
[WhiteTeam "Turkey"]
[BlackTeam "Netherlands"]
[WhiteTeamCountry "TUR"]
[BlackTeamCountry "NED"]
[TimeControl "40/5400+30:1800+30"]

1. e4 e5 2. Nf3 Nc6 3. d4 exd4 4. Nxd4 Nf6 5. Nxc6 bxc6 6. e5 Qe7 7. Qe2 Nd5 8. c4 Nb6 9. Nc3 Ba6 10. b3 O-O-O 11. Bb2 Re8 12. f4 f6 13. Ne4 fxe5 14. fxe5 d5 15. Nd2 g6 16. Qg4+ Kb8 17. O-O-O Bg7 18. cxd5 Bc8 19. Qg3 cxd5 20. Nf3 Bb7 21. Kb1 a5 22. Bb5 c6 23. Bd3 Rc8 24. Qg5 Rhe8 25. Rhe1 a4 26. Qxe7 Rxe7 27. Ba3 c5 28. Bb5 axb3 29. axb3 d4 30. Rxd4 Bxf3 31. gxf3 Ra7 32. Rd6 Rxa3 33. Kb2 Ra5 34. Rxb6+ Ka7 35. Rc6 Rxc6 36. Bxc6 Kb6 37. Bd5 Ra7 38. Kc2 Kc7 39. Kd3 Bf8 40. Re2 Be7 41. f4 Bf8 42. Ke4 Ra1 43. Bg8 Rf1 44. Re3 h6 45. Rg3 Re1+ 46. Kd5 Rf1 47. Rxg6 Rxf4 48. Rf6 Rxf6 49. exf6 Kd7 50. h4 Bd6 51. Be6+ Kc7 52. h5 Bf4 53. Kxc5 Bg5 54. f7 Be7+ 55. Kc4 Kb6 56. b4 Kc6 57. b5+ Kb6 58. Bd7 Kc7 59. Be8 Kb6 60. Kd5 Kc7 61. Ke6 Kd8 62. Kf5 Bc5 1-0

[Event "22nd ETCC Women 2019"]
[Site "Batumi"]
[Date "2019.10.28"]
[Round "5.33"]
[White "Hoolt, Sarah"]
[Black "Reizniece-Ozola, Dana"]
[Result "0-1"]
[ECO "B92"]
[WhiteElo "2323"]
[BlackElo "2297"]
[Annotator "NA RC"]
[PlyCount "86"]
[EventDate "2019.10.24"]
[EventType "team-tourn"]
[EventCountry "GEO"]
[SourceTitle "playchess.com"]
[Source "ChessBase"]
[SourceQuality "1"]
[WhiteTeam "GER"]
[BlackTeam "LAT"]
[BlackTeamCountry "LAT"]
[TimeControl "40/5400+30:1800+30"]

1. e4 c5 2. Nf3 d6 3. d4 cxd4 4. Nxd4 Nf6 5. Nc3 a6 6. Be2 e5 7. Nb3 Be7 8. Be3 Be6 9. Nd5 Nbd7 10. Qd3 Rc8 11. O-O Bxd5 12. exd5 Nb6 13. Bxb6 Qxb6 14. c4 O-O 15. a4 a5 16. Ra3 g6 17. h4 Nd7 18. h5 Qd8 19. Qh3 Bg5 20. hxg6 hxg6 21. Nxa5 Nf6 22. b4 Kg7 23. Nxb7 Qb6 24. Na5 Qxb4 25. Nc6 Qb2 26. Re1 Rh8 27. Qc3 Qxc3 28. Rxc3 Bd2 29. Rec1 Bxc3 30. Rxc3 Ne4 31. Ra3 Nc5 32. a5 Ra8 33. Bd1 Rh4 34. g4 f5 35. gxf5 gxf5 36. Be2 Kf6 37. Rg3 Rah8 38. Kf1 f4 39. Rg1 e4 40. Bg4 f3 41. Be6 Nd3 42. Nd4 Rh2 43. Rg3 Rh1+ 0-1

[Event "22nd ETCC Women 2019"]
[Site "Batumi"]
[Date "2019.10.28"]
[Round "5.34"]
[White "Rogule, Laura"]
[Black "Sieber, Fiona"]
[Result "1-0"]
[ECO "A49"]
[WhiteElo "2269"]
[BlackElo "2252"]
[Annotator "NA"]
[PlyCount "99"]
[EventDate "2019.10.24"]
[EventType "team-tourn"]
[EventCountry "GEO"]
[SourceTitle "playchess.com"]
[Source "ChessBase"]
[SourceQuality "1"]
[WhiteTeam "Latvia"]
[BlackTeam "Germany"]
[WhiteTeamCountry "LAT"]
[BlackTeamCountry "GER"]
[TimeControl "40/5400+30:1800+30"]

1. d4 Nf6 2. Nf3 g6 3. g3 Bg7 4. Bg2 d5 5. O-O O-O 6. c4 dxc4 7. Na3 c3 8. bxc3 c5 9. e3 Nc6 10. Qe2 Nd5 11. Bb2 Nb6 12. Rad1 Qd5 13. e4 Qh5 14. e5 Be6 15. h3 Bxh3 16. Bxh3 Qxh3 17. d5 Nd8 18. c4 f6 19. e6 Nc8 20. Nb5 a6 21. Nc7 Ra7 22. d6 b6 23. dxe7 Nxe7 24. Rd7 Ndc6 25. Rfd1 Qg4 26. R1d6 b5 27. Nd5 Rxd7 28. exd7 Nxd5 29. cxd5 Nd8 30. Re6 c4 31. Ba3 c3 32. Bxf8 Bxf8 33. Rxf6 Qxd7 34. Qe4 Nf7 35. Rxa6 b4 36. Nd4 Ng5 37. Qe5 Qg4 38. Rf6 c2 39. Nxc2 Nf3+ 40. Rxf3 Qxf3 41. Nd4 Qd1+ 42. Kg2 Qa4 43. Qe6+ Kg7 44. d6 Qa8+ 45. Kg1 Qa4 46. Qe5+ Kf7 47. Qd5+ Ke8 48. Nc6 Kd7 49. Nb8+ Kd8 50. Qg5+ 1-0

[Event "22nd ETCC Women 2019"]
[Site "Batumi"]
[Date "2019.10.28"]
[Round "5.35"]
[White "Klek, Hanna Marie"]
[Black "Berzina, Ilze"]
[Result "1-0"]
[ECO "B12"]
[WhiteElo "2248"]
[BlackElo "2216"]
[Annotator "NA"]
[PlyCount "79"]
[EventDate "2019.10.24"]
[EventType "team-tourn"]
[EventCountry "GEO"]
[SourceTitle "playchess.com"]
[Source "ChessBase"]
[SourceQuality "1"]
[WhiteTeam "Germany"]
[BlackTeam "Latvia"]
[WhiteTeamCountry "GER"]
[BlackTeamCountry "LAT"]
[TimeControl "40/5400+30:1800+30"]

1. e4 c6 2. d4 d5 3. e5 Bf5 4. h4 h5 5. Bd3 Bxd3 6. Qxd3 e6 7. Bg5 Be7 8. Nf3 Nh6 9. Bxh6 Rxh6 10. Nbd2 Nd7 11. g3 c5 12. c4 dxc4 13. Nxc4 b5 14. Ncd2 c4 15. Qe2 Nb6 16. O-O Rg6 17. Ne4 Nd5 18. Nfg5 Bxg5 19. hxg5 Rxg5 20. Nxg5 Qxg5 21. a4 h4 22. g4 b4 23. f4 Qg6 24. Rf2 Rc8 25. f5 exf5 26. Rxf5 c3 27. bxc3 Nxc3 28. Qf3 b3 29. e6 b2 30. exf7+ Kf8 31. Rf1 b1=Q 32. Rxb1 Nxb1 33. Rh5 Rc1+ 34. Kg2 Rc2+ 35. Kh3 Qf6 36. Rh8+ Kxf7 37. Qd5+ Qe6 38. Rf8+ Kxf8 39. Qxe6 Nd2 40. Qf5+ 1-0

[Event "22nd ETCC Women 2019"]
[Site "Batumi"]
[Date "2019.10.28"]
[Round "5.36"]
[White "Limanovska, Elizabete"]
[Black "Osmanodja, Filiz"]
[Result "1/2-1/2"]
[ECO "B90"]
[WhiteElo "2186"]
[BlackElo "2225"]
[Annotator "RC"]
[PlyCount "112"]
[EventDate "2019.10.24"]
[EventType "team-tourn"]
[EventCountry "GEO"]
[SourceTitle "playchess.com"]
[Source "ChessBase"]
[SourceQuality "1"]
[WhiteTeam "Latvia"]
[BlackTeam "Germany"]
[WhiteTeamCountry "LAT"]
[BlackTeamCountry "GER"]
[TimeControl "40/5400+30:1800+30"]

1. e4 c5 2. Nf3 d6 3. d4 Nf6 4. Nc3 cxd4 5. Nxd4 a6 6. Be3 e6 7. f3 b5 8. Qd2 Nbd7 9. g4 b4 10. Nce2 h6 11. Ng3 Qc7 12. O-O-O d5 13. exd5 Nxd5 14. Ne4 Nxe3 15. Qxe3 Be7 16. h4 Nb6 17. Kb1 Nd5 18. Qe1 Bb7 19. Bd3 Nf4 20. g5 hxg5 21. hxg5 Rxh1 22. Qxh1 O-O-O 23. Nb3 Kb8 24. Qg1 Rd5 25. g6 Nxg6 26. Ned2 Rg5 27. Qf1 a5 28. Nc4 a4 29. Nba5 Bd5 30. Be4 Nf4 31. Qh1 Rh5 32. Qg1 Rg5 33. Qe3 Bc5 34. Qe1 Rg1 35. Qd2 Rxd1+ 36. Qxd1 f5 37. Bd3 Ba7 38. Qh1 Bd4 39. Qh8+ Qc8 40. Qh2 Qc7 41. Qd2 Bc5 42. Bf1 g5 43. c3 Bxf3 44. cxb4 Be4+ 45. Ka1 Be7 46. b5 Qd8 47. Qc1 Qd4 48. a3 Qc5 49. Qc3 Qxb5 50. Nd2 Ne2 51. Bxe2 Qxe2 52. Nxe4 Qd1+ 53. Ka2 Qd5+ 54. Ka1 Qd1+ 55. Ka2 Qd5+ 56. Ka1 Qd1+ 1/2-1/2

[Event "22nd ETCC Women 2019"]
[Site "Batumi"]
[Date "2019.10.30"]
[Round "6.1"]
[White "Hoolt, Sarah"]
[Black "Repkova, Eva"]
[Result "1/2-1/2"]
[ECO "B45"]
[WhiteElo "2323"]
[BlackElo "2315"]
[Annotator "NA"]
[PlyCount "60"]
[EventDate "2019.10.24"]
[EventType "team-tourn"]
[EventCountry "GEO"]
[SourceTitle "playchess.com"]
[Source "ChessBase"]
[SourceQuality "1"]
[WhiteTeam "Germany"]
[BlackTeam "Slovakia"]
[BlackTeamCountry "SVK"]
[TimeControl "40/5400+30:1800+30"]

1. e4 c5 2. Nc3 e6 3. Nf3 Nc6 4. d4 cxd4 5. Nxd4 Nf6 6. Ndb5 Bc5 7. Nd6+ Ke7 8. Bf4 e5 9. Nf5+ Kf8 10. Bg5 h6 11. Bxf6 Qxf6 12. Nd5 Qd8 13. c3 a5 14. Bc4 d6 15. O-O Be6 16. a4 Kg8 17. Qb3 Rb8 18. Rad1 Kh7 19. Nde3 Re8 20. Rd3 Na7 21. Qd1 Nc8 22. Bb5 Rf8 23. Nd5 Bxd5 24. Rxd5 g6 25. Ne3 Qh4 26. g3 Qg5 27. h4 Qf6 28. Nc4 b6 29. Rd3 Qe6 30. Nd2 f5 1/2-1/2

[Event "22nd ETCC Women 2019"]
[Site "Batumi"]
[Date "2019.10.30"]
[Round "6.2"]
[White "Lagno, Kateryna"]
[Black "Fataliyeva, Ulviyya"]
[Result "1/2-1/2"]
[ECO "B19"]
[WhiteElo "2549"]
[BlackElo "2368"]
[Annotator "ChessBase"]
[PlyCount "172"]
[EventDate "2019.10.24"]
[EventType "team-tourn"]
[EventCountry "GEO"]
[SourceTitle "playchess.com"]
[Source "ChessBase"]
[SourceQuality "1"]
[WhiteTeam "Russia"]
[BlackTeam "Azerbaijan"]
[WhiteTeamCountry "RUS"]
[BlackTeamCountry "AZE"]
[TimeControl "40/5400+30:1800+30"]

1. e4 c6 2. d4 d5 3. Nd2 dxe4 4. Nxe4 Bf5 5. Ng3 Bg6 6. h4 h6 7. Nf3 Nd7 8. Bd3 Bxd3 9. Qxd3 Ngf6 10. Bf4 Qa5+ 11. Bd2 Qc7 12. O-O-O e6 13. Ne4 Nxe4 14. Qxe4 Nf6 15. Qe2 O-O-O 16. g3 Bd6 17. c4 c5 18. Bc3 cxd4 19. Nxd4 a6 20. Kb1 Rhe8 21. Rd2 Bf8 22. Rhd1 e5 23. Nf3 Rxd2 24. Nxd2 Qd7 25. Ne4 Qf5 26. f3 h5 27. Qd3 Nxe4 28. fxe4 Qe6 29. Qf3 Rd8 30. Rxd8+ Kxd8 31. Qxh5 Qxc4 32. Qxe5 Qf1+ 33. Kc2 Qe2+ 34. Bd2 Qc4+ 35. Kd1 Qf1+ 36. Be1 Qd3+ 37. Kc1 Qc4+ 38. Bc3 Qf1+ 39. Kd2 Qf2+ 40. Kd3 Qf1+ 41. Kc2 Qe2+ 42. Bd2 Qc4+ 43. Qc3 Qxe4+ 44. Qd3+ Qxd3+ 45. Kxd3 Kd7 46. Ke4 Ke6 47. g4 g6 48. Bc3 f5+ 49. gxf5+ gxf5+ 50. Kf3 b5 51. h5 Bh6 52. Bd4 a5 53. Be3 Bg7 54. b3 a4 55. Bf4 axb3 56. axb3 Kf7 57. Bg5 Be5 58. Bf4 Bg7 59. Ke3 Kg8 60. Bc7 Kh7 61. Bf4 Bf6 62. Kd3 Bg7 63. Ke2 Bf6 64. Kf3 Bg7 65. Kg3 Bf6 66. Bd2 Be5+ 67. Kh4 Bf6+ 68. Bg5 Be5 69. Be7 Bf4 70. Bg5 Be5 71. Bd2 Bf6+ 72. Kg3 Be5+ 73. Kf3 Bg7 74. Bg5 Be5 75. Ke2 Bg7 76. Bf4 Bb2 77. Kd3 Bg7 78. Ke2 Bb2 79. Kf2 Bd4+ 80. Be3 Be5 81. Kf3 Kg7 82. Bf4 Bf6 83. Bc1 Be5 84. Bd2 Kh7 85. Bg5 Kg7 86. Bf4 Bf6 {[%emt 0:00:08] Ke4} 1/2-1/2

[Event "22nd ETCC Women 2019"]
[Site "Batumi"]
[Date "2019.10.30"]
[Round "6.2"]
[White "Hagarova, Zuzana"]
[Black "Klek, Hanna Marie"]
[Result "0-1"]
[ECO "B13"]
[WhiteElo "2295"]
[BlackElo "2248"]
[Annotator "NA"]
[PlyCount "88"]
[EventDate "2019.10.24"]
[EventType "team-tourn"]
[EventCountry "GEO"]
[SourceTitle "playchess.com"]
[Source "ChessBase"]
[SourceQuality "1"]
[WhiteTeam "Slovakia"]
[BlackTeam "Germany"]
[WhiteTeamCountry "SVK"]
[BlackTeamCountry "GER"]
[TimeControl "40/5400+30:1800+30"]

1. e4 c6 2. d4 d5 3. exd5 cxd5 4. Bd3 Nc6 5. c3 Nf6 6. Bf4 Bg4 7. Qb3 e5 8. h3 Na5 9. Qc2 exf4 10. hxg4 Nxg4 11. Nd2 g6 12. Ne2 Bd6 13. Qa4+ Kf8 14. b4 Nc6 15. Qb5 Ne7 16. Qxb7 Kg7 17. Qa6 Qd7 18. Bb5 Qc7 19. Kf1 h5 20. Re1 Rab8 21. Ba4 Nf5 22. Kg1 Rb6 23. Qd3 Nf6 24. Bc2 Re8 25. Qf3 Nxd4 26. Nxd4 Rxe1+ 27. Nf1 Be5 28. Qd3 Ne4 29. Nf3 Bxc3 30. Nxe1 Bxe1 31. Qd4+ Nf6 32. Bb3 Rxb4 33. Qd1 Re4 34. Rh3 Qc5 35. Rf3 Ba5 36. Qd3 Bb6 37. g3 fxg3 38. Nxg3 Re5 39. Kg2 Qb4 40. Rxf6 Kxf6 41. Bxd5 Kg7 42. Bf3 Qd4 43. Qc2 Rg5 44. Kf1 Rb5 0-1